 Dungeon Crawl Stone Soup version 0.22-a0-280-g69bf1f3 (webtiles) character file.

22496 varam the Grappler (level 12, -2/122 HPs)
             Began as a Troll Monk on Mar 16, 2018.
             Was a High Priest of Okawaru.
             Slain by a blink frog (18 damage)
             ... on level 2 of the Lair of Beasts.
             The game lasted 00:50:01 (12436 turns).

varam the Grappler (Troll Monk)                    Turns: 12436, Time: 00:50:01

Health: -2/122     AC:  5    Str: 22    XL:     12   Next: 63%
Magic:  12/13      EV: 19    Int:  9    God:    Okawaru [*****.]
Gold:   626        SH: 15    Dex: 13    Spells: 10/11 levels left

rFire    + . .     SeeInvis .     - Unarmed
rCold    + . .     Gourm    +   J - +2 shield
rNeg     . . .     Faith    .   a - +0 robe
rPois    .         Spirit   .   (helmet restricted)
rElec    .         Reflect  .   Y - scarf {rC+ rF+}
rCorr    .         Harm     .   (gloves unavailable)
MR       .....                  (boots unavailable)
Stlth    ++++......             (no amulet)
HPRegen  0.70/turn              B - +3 ring of evasion
MPRegen  0.13/turn              m - ring of stealth

@: lethally poisoned (-2 -> -2), about to teleport, heroism
A: large, unfitting armour, claws 3, fast metabolism 3, gourmand, regeneration
1, shaggy fur 1, tough skin 2
a: Heroism, Finesse, Renounce Religion


You were on level 2 of the Lair of Beasts.
You worshipped Okawaru.
Okawaru was extremely pleased with you.
You were full.

You visited 3 branches of the dungeon, and saw 16 of its levels.
You also visited: Sewer.

You collected 850 gold pieces.
You spent 224 gold pieces at shops.

Inventory:

Missiles
 g - 4 javelins
 F - 2 throwing nets
 S - 2 tomahawks of returning (quivered)
 V - 2 exploding tomahawks
 Z - 5 large rocks
Armour
 a - a +0 robe (worn)
 J - a +2 shield (worn)
 L - a scarf of repulsion
 Y - a scarf of resistance (worn)
Jewellery
 d - an uncursed ring of positive energy
 e - a +3 amulet of reflection {unknown}
 m - a ring of stealth (right claw)
 n - an uncursed ring of wizardry
 p - an uncursed ring of protection from fire
 B - a +3 ring of evasion (left claw)
 R - an uncursed ring of protection from fire
Wands
 A - a wand of polymorph (10)
 D - a wand of iceblast (7)
 K - a wand of acid (20)
Scrolls
 f - 8 scrolls of remove curse
 h - 6 scrolls of magic mapping
 i - 4 scrolls of noise {unknown}
 j - a scroll of enchant weapon {unknown}
 l - 6 scrolls of enchant armour
 q - 5 scrolls of fog
 s - 2 scrolls of blinking {unknown}
 t - 2 scrolls of amnesia {unknown}
 w - 6 scrolls of teleportation
 x - a scroll of torment {unknown}
 I - a scroll of summoning {unknown}
 O - 2 scrolls of brand weapon {unknown}
 P - a scroll of fear {unknown}
 Q - a scroll of silence {unknown}
 X - a scroll of random uselessness {unknown}
Potions
 c - 2 potions of berserk rage {unknown}
 k - 4 potions of invisibility
 o - 3 potions of magic
 r - 10 potions of curing {unknown}
 u - a potion of heal wounds
 v - 2 potions of agility
 E - a potion of cancellation {unknown}
 G - 3 potions of might
 H - 2 potions of resistance
 N - 2 potions of ambrosia {unknown}
 U - a potion of brilliance {unknown}
 W - 4 potions of haste {unknown}
Comestibles
 b - 38 rations
 z - 13 chunks of flesh


   Skills:
 + Level 8.7(13.7) Fighting
 - Level 4.0(9.0) Throwing
 - Level 6.9(11.9) Dodging
 - Level 1.0(6.0) Stealth
 - Level 9.0(14.0) Shields
 + Level 12.3(17.3) Unarmed Combat
 + Level 2.7 Invocations
 + Level 2.2 Evocations


You had 10 spell levels left.
You knew the following spells:

 Your Spells              Type           Power        Failure   Level  Hunger
a - Confusing Touch       Hex            #.....       38%         1    ##.....


Dungeon Overview and Level Annotations

Branches:
Dungeon (12/15)            Temple (1/1) D:6            Lair (3/6) D:10
    Orc (0/2) D:9
  Swamp: Lair:2-4    Shoals: Lair:2-4     Snake: Lair:2-4    Spider: Lair:2-4

Altars:
Ashenzari
Cheibriados
Elyvilon
Fedhas
Gozag
Hepliaklqana
Kikubaaqudgha
Makhleb
Nemelex Xobeh
Okawaru
Qazlal
Ru
Sif Muna
Trog
Uskayaw
Vehumet
Wu Jian
Xom
Yredelemnul
Zin
The Shining One

Shops:
D:4 [   D:5 =   D:7 *   D:11 [*


Innate Abilities, Weirdness & Mutations

You are too large for most types of armour.
You have claws for hands.
Your metabolism is lightning-fast.
You like to eat raw meat.
Your natural rate of healing is unusually fast.
You are covered in fur. (AC +1)
You have very tough skin. (AC +2)


Message History

The blink frog blinks!
You feel sick. The blink frog hits you.
* * * LOW HITPOINT WARNING * * *
The blink frog hits you!
* * * LOW HITPOINT WARNING * * *
Okay, then.
You feel much better. The blink frog barely misses you.
The blink frog misses you. The blink frog barely misses you.
The blink frog completely misses you.
As you read the scroll of teleportation, it crumbles to dust.
You feel strangely unstable.
You feel sick. You block the blink frog's attack. The blink frog hits you!
You block the blink frog's attack.
The blink frog hits you but does no damage.
The blink frog barely misses you.
You feel sick. The blink frog hits you!
* * * LOW HITPOINT WARNING * * *
The blink frog blinks! x2
The blink frog closely misses you.
The blink frog blinks!
You feel sick. The blink frog hits you!!
You die...

###### ########## ###
#.#.P####..##.#F.#####.##########
...........>F..ยง@F.<...........).
##..###P....P###.##PP....#.##.##.
##..# #.....########....##....###
##.#####....##.....##....#......#
##.....'....#P.....#....##......#
#....#.#...........#....##......#
#P...##.....#...........P#......#
##...##............#....##.......
###.###.....##......#.[.##..#####


You could see 3 blink frogs.

Vanquished Creatures
  The ghost of lilbarb the Thaumaturge, a journeyman DrCj of Makhleb (Lair:2)
  3 two-headed ogres
  A death yak (D:10)
  The ghost of varam the Grappler, a novice TrMo of Cheibriados (D:8)
  Sonja (D:11)
  A black mamba (Lair:3)
  4 spiny frogs (Lair:2)
  A gargoyle (D:8)
  A rime drake (Lair:1)
  3 trolls
  5 polar bears
  Prince Ribbit (D:5)
  2 hippogriffs
  29 yaks
  A wyvern (D:10)
  A basilisk (Lair:2)
  4 hungry ghosts
  A vampire mosquito (D:11)
  Menkaure (D:6)
  3 water moccasins
  5 porcupines
  Duvessa (D:4)
  An acid dragon (D:11)
  3 orc warriors
  6 ice beasts
  3 sky beasts
  A phantom (D:6)
  5 necrophages
  10 wolves
  5 ogres
  7 centaurs
  A crocodile (Lair:2)
  Blork the orc (D:4)
  11 bullfrogs
  3 big kobolds
  Dowan (D:4)
  A wyvern skeleton (D:8)
  4 scorpions
  9 wights
  A howler monkey (D:5)
  5 electric eels
  4 crimson imps
  2 bullfrog zombies
  2 quasits
  2 bullfrog skeletons
  10 orc wizards
  A centaur skeleton (D:6)
  11 orc priests
  10 hounds
  2 jellies (D:9)
  Ijyb (D:4)
  5 iguanas
  8 worker ants
  A bullfrog simulacrum (D:10)
  2 hound skeletons
  2 worker ant zombies
  6 gnolls
  10 adders
  2 hound simulacra (D:10)
  2 river rats (D:3)
  6 shadow imps
  6 white imps (D:10)
  An ufetubus (D:10)
  3 oozes
  An adder zombie (D:5)
  6 worms
  12 dart slugs
  11 leopard geckos
  48 orcs
  10 giant cockroaches
  5 goblins
  5 hobgoblins
  5 jackals
  2 quokkas
  11 ball pythons
  6 bats
  14 frilled lizards
  3 jackal skeletons
  22 kobolds
  9 rats
418 creatures vanquished.

Vanquished Creatures (others)
  A fungus (Lair:2)
1 creature vanquished.

Grand Total: 419 creatures vanquished

Notes
Turn   | Place    | Note
-------+----------+-------------------------------------------
     0 | D:1      | varam the Troll Monk began the quest for the Orb.
     0 | D:1      | Reached XP level 1. HP: 22/22 MP: 0/0
     8 | D:1      | Noticed a polar bear
     8 | D:1      | Noticed an eight-headed hydra
     8 | D:1      | Noticed a water moccasin
     8 | D:1      | Noticed a crocodile
   214 | D:1      | Reached XP level 2. HP: 27/29 MP: 1/1
   459 | D:1      | Reached skill level 4 in Unarmed Combat
   580 | D:1      | Reached XP level 3. HP: 34/36 MP: 2/2
   909 | D:2      | Reached XP level 4. HP: 20/44 MP: 0/3
   912 | D:2      | Reached skill level 5 in Unarmed Combat
  1047 | D:2      | Reached XP level 5. HP: 45/50 MP: 4/4
  1224 | D:2      | Reached skill level 6 in Unarmed Combat
  1404 | D:2      | Found a faded altar of an unknown god.
  1658 | D:3      | Reached XP level 6. HP: 48/59 MP: 5/5
  1700 | D:3      | Found a glowing drain.
  1702 | D:3      | Reached skill level 7 in Unarmed Combat
  1712 | Sewer    | Entered a sewer
  2284 | D:3      | Found a deep blue altar of Sif Muna.
  2457 | D:4      | Noticed Blork the orc
  2556 | D:4      | Reached skill level 8 in Unarmed Combat
  2561 | D:4      | Noticed Duvessa
  2635 | D:4      | Killed Blork the orc
  2635 | D:4      | Reached XP level 7. HP: 66/66 MP: 6/6
  2712 | D:4      | Noticed Dowan
  2713 | D:4      | Noticed Ijyb
  2720 | D:4      | Killed Duvessa
  2767 | D:4      | Found Kuenig's Armour Shop.
  2827 | D:4      | Killed Dowan
  2844 | D:4      | Killed Ijyb
  2844 | D:4      | Reached skill level 1 in Throwing
  3095 | D:5      | Entered Level 5 of the Dungeon
  3220 | D:5      | Reached skill level 3 in Fighting
  3220 | D:5      | Reached skill level 3 in Dodging
  3256 | D:5      | Reached XP level 8. HP: 57/75 MP: 7/7
  3288 | D:5      | Reached skill level 2 in Throwing
  3491 | D:5      | Noticed Prince Ribbit
  3550 | D:5      | Killed Prince Ribbit
  3580 | D:5      | Reached skill level 3 in Throwing
  3907 | D:5      | Found Tan Weqy's Jewellery Emporium.
  4013 | D:6      | Reached skill level 4 in Fighting
  4013 | D:6      | Reached skill level 4 in Dodging
  4316 | D:6      | Found a staircase to the Ecumenical Temple.
  4359 | Temple   | Entered the Ecumenical Temple
  4426 | Temple   | Became a worshipper of Warmaster Okawaru
  4426 | Temple   | Reached * piety under Okawaru
  4426 | Temple   | Reached ** piety under Okawaru
  4444 | D:6      | Reached skill level 4 in Throwing
  4445 | D:6      | Noticed Menkaure
  4453 | D:6      | Killed Menkaure
  4453 | D:6      | Reached XP level 9. HP: 78/85 MP: 8/8
  4499 | D:6      | Reached skill level 9 in Unarmed Combat
  4550 | D:6      | Found a glowing golden altar of the Shining One.
  4630 | D:6      | Noticed a troll
  4716 | D:6      | Reached skill level 5 in Fighting
  4716 | D:6      | Reached skill level 5 in Dodging
  5005 | D:6      | Killed a troll
  5065 | D:7      | Found Kaimpyul's General Store.
  5096 | D:7      | Bought a wand of acid (4) for 224 gold pieces
  5322 | D:7      | Reached skill level 1 in Shields
  5352 | D:7      | Reached *** piety under Okawaru
  5630 | D:8      | Learned a level 1 spell: Confusing Touch
  5685 | D:8      | Reached skill level 2 in Shields
  5707 | D:7      | Found a bloodstained altar of Trog.
  5732 | D:8      | Noticed varam's ghost (novice TrMo)
  5748 | D:8      | Killed varam's ghost
  5748 | D:8      | Reached skill level 6 in Fighting
  5748 | D:8      | Reached skill level 10 in Unarmed Combat
  5748 | D:8      | Reached XP level 10. HP: 38/98 MP: 6/9
  5751 | D:8      | Noticed a two-headed ogre
  5956 | D:8      | Killed a two-headed ogre
  5956 | D:8      | Reached **** piety under Okawaru
  5956 | D:8      | Reached skill level 3 in Shields
  5978 | D:8      | Noticed a gargoyle
  6038 | D:8      | Killed a gargoyle
  6360 | D:8      | Reached skill level 6 in Dodging
  6385 | D:9      | Found a staircase to the Orcish Mines.
  6449 | D:8      | Reached skill level 4 in Shields
  7228 | D:9      | Reached skill level 7 in Fighting
  7247 | D:9      | Noticed a two-headed ogre
  7260 | D:9      | Killed a two-headed ogre
  7469 | D:9      | Noticed a two-headed ogre
  7480 | D:9      | Killed a two-headed ogre
  7480 | D:9      | Received a gift from Okawaru
  7480 | D:9      | Reached ***** piety under Okawaru
  7480 | D:9      | Reached skill level 11 in Unarmed Combat
  7480 | D:9      | Reached XP level 11. HP: 109/109 MP: 7/10
  7663 | D:9      | Reached skill level 5 in Shields
  7694 | D:9      | Found a sparkling altar of Nemelex Xobeh.
  7840 | D:9      | Found a basalt altar of Yredelemnul.
  8047 | D:10     | Entered Level 10 of the Dungeon
  8297 | D:10     | Received a gift from Okawaru
  8416 | D:10     | Reached skill level 8 in Fighting
  8561 | D:10     | Reached skill level 6 in Shields
  8834 | D:10     | Noticed a death yak
  8856 | D:10     | Killed a death yak
  9015 | D:10     | Found a staircase to the Lair.
  9101 | D:10     | Reached skill level 7 in Shields
  9101 | D:10     | Reached skill level 12 in Unarmed Combat
  9371 | D:11     | Noticed Sonja
  9422 | D:11     | Noticed a skeletal warrior
  9422 | D:11     | Noticed a skeletal warrior
  9423 | D:11     | Noticed a skeletal warrior
  9424 | D:11     | Noticed a skeletal warrior
  9471 | D:10     | Received a gift from Okawaru
  9700 | D:11     | Found a white marble altar of Elyvilon.
  9767 | D:11     | Found Ceiromei's Armour Shoppe.
  9856 | D:12     | Received a gift from Okawaru
  9971 | D:11     | Found a white marble altar of Elyvilon.
  9983 | D:11     | Killed Sonja
  9983 | D:11     | Reached XP level 12. HP: 114/120 MP: 11/11
 10134 | D:11     | Found Quvomioh's General Store.
 10223 | Lair:1   | Entered Level 1 of the Lair of Beasts
 10345 | Lair:1   | Reached skill level 8 in Shields
 11124 | Lair:2   | Noticed lilbarb's ghost (journeyman DrCj)
 11134 | Lair:2   | Killed lilbarb's ghost
 11177 | Lair:2   | Reached skill level 9 in Shields
 11353 | Lair:2   | Reached skill level 1 in Invocations
 11368 | Lair:2   | Reached skill level 1 in Evocations
 11793 | Lair:2   | Reached skill level 2 in Invocations
 12377 | Lair:3   | Reached skill level 2 in Evocations
 12436 | Lair:2   | Slain by a blink frog

Vault maps used:
D:1:      onia_arrival_zoo_common, serial_forest, infiniplex_forest_clump_small,
          infiniplex_forest_lined_2, infiniplex_forest_lined_2,
          infiniplex_forest_straight_1, infiniplex_forest_clump_double,
          infiniplex_forest_straight_5, infiniplex_forest_lined_2,
          infiniplex_forest_lined_1, infiniplex_forest_straight_5
D:2:      cheibrodos_pilgrimage, chequers_ecumenical_altar_twisty, first_ration,
          minmay_misc_feat_secret_circle
D:3:      overflow_temple_1_default, gup_sewer_entry_bubbles
D:4:      kennysheep_slugbush, serial_shops, shop, uniq_blork_the_orc,
          uniq_ijyb, uniq_duvessa
D:5:      serial_shops, nicolae_shop_behind_doors, feat_on_display,
          uniq_prince_ribbit1
D:6:      cheibrodos_fzero, temple_green, grunt_ministairs_6, kennysheep_nub,
          tso_metal_star, uniq_menkaure
D:7:      lemuel_upstairs_altar, serial_corexii_hall, corexii_hall_statues_s,
          corexii_hall_statues_i, corexii_hall_statues_u,
          minmay_shop_grid_forest, kennysheep_diamond, grunt_ogre_cave
D:9:      nicolae_overflow_hidden_temple, orc_0_dummy, roderic_roman_lattice,
          dk_noncrumbling_2
D:10:     erik_lair_island, serial_ice, serial_ice_h, serial_ice_g,
          serial_ice_f, serial_ice_l, serial_ice_a, serial_ice_b, serial_ice_d,
          serial_ice_c, serial_ice_m, serial_ice_o
D:11:     basic_altar, serial_shops, shop_statue, shop, shop,
          kennysheep_little_box, minivault_16, elyvilon_altar_5, uniq_sonja
Temple:   compressed_dpeg_circular_temple
Lair:1:   minivault_25
Lair:2:   roderic_carrion_pond
Lair:3:   minmay_shoals_entry_beasts, basic_altar, infiniplex_staircase_pool,
          uniq_harold
Sewer:    sewer_frog_island_01

Skill      XL: |  1  2  3  4  5  6  7  8  9 10 11 12 |
---------------+-------------------------------------+-----
Unarmed Combat | 4 5 6 8 10 11 12 | 12.3
Throwing       | 1 4 |  4.0
Fighting       | 3 4 6 7 8 |  8.7
Dodging        | 3 4 5 6 |  6.9
Shields        | 2 4 7 9 |  9.0
Invocations    | 2 |  2.7
Evocations     | 2 |  2.2
Stealth        | |  1.0

Action                   |  1- 3 |  4- 6 |  7- 9 | 10-12 || total
-------------------------+-------+-------+-------+-------++-------
Melee: Unarmed           |    86 |   171 |   295 |   684 ||  1236
       Punch             |     1 |     5 |     4 |    33 ||    43
Throw: Tomahawk          |       |       |       |     4 ||     4
       Javelin           |       |       |       |     3 ||     3
Invok: Heroism           |       |       |     3 |    12 ||    15
Evoke: Wand              |       |       |       |    10 ||    10
  Use: Scroll            |       |     1 |     9 |     5 ||    15
       Potion            |       |       |       |     1 ||     1
 Stab: Sleeping          |     3 |    11 |     8 |     4 ||    26
       Distracted        |       |     1 |       |       ||     1
  Eat: Chunk             |    14 |    14 |    39 |    68 ||   135
       Ration            |       |       |       |     1 ||     1
Armor: Robe              |    32 |    43 |    44 |    76 ||   195
Dodge: Dodged            |    44 |    59 |   113 |   420 ||   636
Block: Shield            |       |       |       |   103 ||   103

Table legend:
 A = Spawn XP
 B = Non-spawn XP
 C = Spawn XP percentage of total XP
 D = Spawn monster count
 E = Non-spawn monster count
 F = Spawn count percentage of total count
 G = Total turns spent on level
                    A         B        C        D         E        F      G
               +---------+---------+-------+---------+---------+-------+---------
         Total |       0 |   32138 |   0.0 |       0 |     418 |   0.0 | 12436
               +---------+---------+-------+---------+---------+-------+---------
           D:1 |       0 |      48 |   0.0 |       0 |      26 |   0.0 |   768
           D:2 |       0 |     227 |   0.0 |       0 |      30 |   0.0 |   746
           D:3 |       0 |     187 |   0.0 |       0 |      30 |   0.0 |   750
           D:4 |       0 |     523 |   0.0 |       0 |      21 |   0.0 |   574
           D:5 |       0 |     870 |   0.0 |       0 |      27 |   0.0 |   902
           D:6 |       0 |    1583 |   0.0 |       0 |      31 |   0.0 |   961
           D:7 |       0 |    1181 |   0.0 |       0 |      13 |   0.0 |   763
           D:8 |       0 |    3895 |   0.0 |       0 |      38 |   0.0 |  1242
           D:9 |       0 |    4249 |   0.0 |       0 |      41 |   0.0 |  1123
          D:10 |       0 |    7719 |   0.0 |       0 |      77 |   0.0 |  1414
          D:11 |       0 |    1547 |   0.0 |       0 |      15 |   0.0 |   583
          D:12 |       0 |     110 |   0.0 |       0 |       1 |   0.0 |    94
        Lair:1 |       0 |    1721 |   0.0 |       0 |      13 |   0.0 |   922
        Lair:2 |       0 |    6632 |   0.0 |       0 |      29 |   0.0 |  1159
        Lair:3 |       0 |    1426 |   0.0 |       0 |       6 |   0.0 |   100
         Sewer |       0 |     220 |   0.0 |       0 |      20 |   0.0 |   257
               +---------+---------+-------+---------+---------+-------+---------
